 Dungeon Crawl Stone Soup version 0.31.0-32-g396128a36d (console) character file.

Game seed: 3572086501667443801

1371137 Natenado the Conqueror (level 27, 56/159 HPs)
             Began as a Djinni Fire Elementalist on Mar 27, 2024.
             Was the Champion of Ashenzari.
             Escaped with the Orb
             ... and 3 runes on Apr 10, 2024!
             The game lasted 17:49:02 (102585 turns).

Natenado the Conqueror (Djinni Fire Elementalist) Turns: 102585, Time: 17:49:03

Health: 56/159     AC:  9    Str:  7    XL:     27
Gold:   121        EV: 25    Int: 36    God:    Ashenzari [******] SH: 22 Dex: 19

rFire   + + +        K - +3 whip {distort, Dev, Fort} (curse)
rCold   . . .        Z - +3 kite shield "Behold Eternity" {AC+3, Sorc, Elem} (curse)
rNeg    . . .        F - +1 robe of the Cryptic Affliction {Will+, Bglg, Sorc} (curse)
rPois   ∞            V - +2 hat of Ashenzari's Comet {Will+, Cun, Fort} (curse)
rElec   .            c - scarf of the Mantic Sky {rC+ rF+, Dev, Fort} (curse)
rCorr   .            P - +0 pair of gloves "Gaze Upon Infinity" {+Inv Will++ MP-9, Self, Melee} (curse)
SInv    +            (boots unavailable)
Will    +++++        a - amulet "Perceptive Gnosis" {Reflect SH+5, Cun, Range} (curse)
Stlth   +            w - ring of the Oracular Secrets {Dex+6, Self, Comp} (curse)
HPRegen 0.46/turn    T - ring of Desmomancy {Int+6, Sorc, Fort} (curse)
MPRegen 0.00/turn

%: reflection, clarity
@: disjoining, flying
A: sickness immunity, fire resistance 2, cold vulnerability 1, float, innate
caster, HP casting, extra vitality 1, clumsy 1, frail 3, inability to read after
injury 1
0: Orb of Zot
}: 3/15 runes: decaying, serpentine, silver
a: Renounce Religion, Evoke Invisibility, Shatter the Chains


You escaped.
You worshipped Ashenzari.
Ashenzari was exalted by your worship.
You visited 10 branches of the dungeon, and saw 48 of its levels.

You collected 7349 gold pieces.
You spent 7228 gold pieces at shops.

Inventory:

Hand Weapons
 K - the cursed +3 whip of Apeoromancy (weapon) {distort, Dev, Fort}
   (You took it off a gnoll on level 6 of the Dungeon)

   It has a curse which improves the following skills: Devices: Evocations and
   Shapeshifting.
   Fortitude: Armour and Shields.
Missiles
 x - 6 datura-tipped darts
 y - 4 throwing nets
 G - 77 poisoned darts
 N - 3 atropa-tipped darts
Armour
 c - the cursed scarf of the Mantic Sky (worn) {rC+ rF+, Dev, Fort}
   (You found it on level 1 of the Vaults)

   It has a curse which improves the following skills: Devices: Evocations and
   Shapeshifting.
   Fortitude: Armour and Shields.
 F - the cursed +1 robe of the Cryptic Affliction (worn) {Will+, Bglg, Sorc}
   (You took it off a wight on level 6 of the Dungeon)

   It has a curse which improves the following skills: Beguiling: Hexes and
   Translocations.
   Sorcery:   Conjurations and Alchemy.
 P - the cursed +0 pair of gloves "Gaze Upon Infinity" (worn) {+Inv Will++ MP-9, Self, Melee}
   (You bought it in a shop on level 2 of the Depths)

   Will++:    It greatly increases your willpower.
   MP-9:      It affects your magic capacity (-9).
   +Inv:      It lets you turn invisible.
   It has a curse which improves the following skills: Introspection: Fighting
   and Spellcasting.
   Melee Combat: Short Blades, Long Blades, Axes, Maces & Flails, Polearms,
   Staves and Unarmed Combat.
 V - the cursed +2 hat of Ashenzari's Comet (worn) {Will+, Cun, Fort}
   (You took it off Gastronok on level 10 of the Dungeon)

   It has a curse which improves the following skills: Cunning: Dodging and
   Stealth.
   Fortitude: Armour and Shields.
 Z - the cursed +3 kite shield "Behold Eternity" (worn) {AC+3, Sorc, Elem}
   (You took it off a naga warrior on level 2 of the Snake Pit)

   It has a curse which improves the following skills: Sorcery: Conjurations and
   Alchemy.
   Elements:  Fire Magic, Ice Magic, Air Magic and Earth Magic.
Jewellery
 a - the cursed amulet "Perceptive Gnosis" (around neck) {Reflect SH+5, Cun, Range}
   (You bought it in a shop on level 2 of the Snake Pit)

   [amulet of reflection]

   Reflect:   It reflects blocked missile attacks.
   SH+5:      It affects your SH (+5).
   It has a curse which improves the following skills: Cunning: Dodging and
   Stealth.
   Ranged Combat: Ranged Weapons and Throwing.
 j - a ring of positive energy
 n - the ring "Sor Nuju" {rF++ rN++ Will- AC+4}
   (You bought it in a shop on level 1 of the Dungeon)

   [ring of protection]

   AC+4:      It affects your AC (+4).
   rF++:      It greatly protects you from fire.
   rN++:      It greatly protects you from negative energy.
   Will-:     It decreases your willpower.
 w - the cursed ring of the Oracular Secrets (left hand) {Dex+6, Self, Comp}
   (You found it on level 4 of the Dungeon)

   [ring of dexterity]

   Dex+6:     It affects your dexterity (+6).
   It has a curse which improves the following skills: Introspection: Fighting
   and Spellcasting.
   Companions: Summonings and Necromancy.
 A - a +6 ring of dexterity
 O - the amulet of Lilacs {Reflect rF++ Regen+ Str-5 SH+5}
   (You found it on level 5 of the Vaults)

   [amulet of reflection]

   Reflect:   It reflects blocked missile attacks.
   Str-5:     It affects your strength (-5).
   rF++:      It greatly protects you from fire.
   Regen+:    It increases your rate of health regeneration.
   SH+5:      It affects your SH (+5).
 T - the cursed ring of Desmomancy (right hand) {Int+6, Sorc, Fort}
   (You found it on level 1 of the Lair of Beasts)

   [ring of intelligence]

   Int+6:     It affects your intelligence (+6).
   It has a curse which improves the following skills: Sorcery: Conjurations and
   Alchemy.
   Fortitude: Armour and Shields.
Wands
 s - a wand of polymorph (17)
 t - a wand of digging (11)
 u - a wand of charming (28)
 v - a wand of quicksilver (42)
 B - a wand of iceblast (32)
 S - a wand of mindburst (64)
 W - a wand of flame (38)
Scrolls
 b - a scroll of enchant armour
 d - 7 scrolls of poison
 f - 7 scrolls of immolation
 g - 4 scrolls of blinking
 h - 8 scrolls of revelation
 l - 14 scrolls of fear
 o - 7 scrolls of fog
 q - 3 scrolls of torment
 E - 6 scrolls of silence
 J - 14 scrolls of teleportation
 R - 3 scrolls of summoning
Potions
 e - 2 potions of heal wounds
 i - 2 potions of berserk rage
 k - 5 potions of brilliance
 m - 6 potions of cancellation
 p - 13 potions of curing
 z - 10 potions of mutation
 C - 8 potions of lignification
 D - 7 potions of attraction
 H - a potion of haste
 I - 4 potions of ambrosia
 L - 7 potions of might
 M - 2 potions of invisibility
 Q - 2 potions of resistance
 U - 10 potions of enlightenment
Miscellaneous
 r - a lightning rod (4/4)
 Y - a phial of floods


   Skills:
 O Level 27 Fighting
 - Level 0.1(0.5) Maces & Flails
 * Level 17.5(20.9) Dodging
 - Level 1.5(3.9) Stealth
 - Level 8.5(14.1) Shields
 + Level 25.9(27) Spellcasting
 + Level 25.9(27) Conjurations
 + Level 25.9(27) Hexes
 + Level 25.9(27) Summonings
 + Level 25.9(27) Necromancy
 + Level 25.9(27) Translocations
 + Level 25.9(27) Fire Magic
 + Level 25.9(27) Ice Magic
 + Level 25.9(27) Air Magic
 + Level 25.9(27) Earth Magic
 + Level 25.9(27) Alchemy
 - Level 8.1(11.7) Evocations


You knew the following spells:

 Your Spells              Type           Power      Damage    Failure   Level
a - Foxfire               Conj/Fire      100%       2x1d9     0%          1
b - Scorch                Fire           100%       2d9       0%          2
c - Volatile Blastmotes   Fire/Tloc      100%       2d18      0%          3
d - Inner Flame           Hex/Fire       100%       N/A       0%          3
e - Flame Wave            Conj/Fire      100%       2d21      0%          4
f - Slow                  Hex            100%       N/A       0%          1
g - Call Imp              Summ           100%       N/A       0%          2
h - Tukima's Dance        Hex            100%       N/A       0%          3
i - Vampiric Draining     Necr           100%       2d13      0%          3
j - Fireball              Conj/Fire      63%        3d24      0%          5
k - Curse of Agony        Necr           100%       N/A       0%          5
l - Starburst             Conj/Fire      63%        6d17      0%          6
m - Sculpt Simulacrum     Ice/Alch       63%        N/A       0%          6
n - Malign Gateway        Summ/Tloc      63%        N/A       0%          7
o - Enfeeble              Hex            63%        N/A       0%          7
p - Discord               Hex            63%        N/A       1%          8
q - Disjunction           Tloc           63%        N/A       1%          8
r - Shatter               Erth           63%        3d47*     1%          9
Your spell library was empty.

Dungeon Overview and Level Annotations

Branches:
Dungeon (15/15)            Temple (1/1) D:4            Lair (5/5) D:9
  Swamp (4/4) Lair:2        Snake (4/4) Lair:2        Slime (0/5) Lair:4
    Orc (2/2) D:12            Elf (3/3) Orc:2        Vaults (5/5) D:14
  Crypt (0/3) Vaults:3     Depths (4/4) D:15            Zot (5/5) Depths:4

Altars:
Ashenzari
Cheibriados
Dithmenos
Elyvilon
Fedhas
Gozag
Hepliaklqana
Makhleb
Nemelex Xobeh
Okawaru
Qazlal
Ru
Trog
Uskayaw
Wu Jian
Xom
Yredelemnul
Zin
The Shining One
Jiyva

Shops:
D:1 =   D:4 (   D:6 (   D:8 *[[!   D:10 :   Orc:2 ?([[   Elf:1 (*   Elf:3 (
Snake:2 =:=(   Snake:4 (   Vaults:3 (   Vaults:4 :   Depths:2 [*?=!
Depths:3 *   Depths:4 ?(:

Portals:
Hell: Lair:5 Depths:1 Depths:2 Depths:3 Depths:4
Abyss: Depths:1 Depths:2 Depths:3
Pandemonium: Depths:1 Depths:2 Depths:4
Ziggurat: Depths:3
Trove: D:14 (give horn of Geryon)

Annotations:
Elf:2 3 runed translucent doors, exclusion: 3 doors
Elf:3 Roxanne
Vaults:4 exclusion: downstairs
Depths:1 exclusions: door and 3 downstairs
Depths:2 exclusion: 3 downstairs
Depths:3 exclusion: 3 downstairs
Depths:4 exclusion: 2 downstairs
Zot:2 3 exclusions
Zot:3 1 exclusion
Zot:5 3 exclusions


Innate Abilities, Weirdness & Mutations

You are immune to sickness and miasma.
You are immune to poison.
Your flesh is very heat resistant. (rF++)
You are vulnerable to cold. (rC-)
You float through the air rather than walking.
You learn spells naturally, not from books.
Your magical power is your life essence.
You have superior vitality. (+4 MHP)
You are clumsy. (Dex -2)
You are extremely frail. (-30% HP)
You occasionally lose the ability to read scrolls when taking damage.


Message History

(U) Depths (H) Hell (Z) Zot
Where to? (Tab/Enter - D:4 @ (x,y), ? - help)
What level of the Dungeon? (default 4, ? - help)
There is a stone staircase leading up here.
You fly upwards.
There is a stone staircase leading down here.
There is a stone staircase leading up here.
You fly upwards.
There is a stone staircase leading down here.
A rakshasa comes into view. It is wielding a +0 long sword.
Casting: Disjunction (mildly dangerous; 1% risk of failure)
Confirm with . or Enter, or press ? or * to list all spells.
The rakshasa blinks!
A Brimstone Fiend comes into view.
The rakshasa blinks!
The translocation energy dissipates.
The Brimstone Fiend gestures at you.
The sphere of damnation explodes!
The damnation engulfs you!!!
A hellion comes into view.
The hellion gives a hideous shriek!
Casting: Disjunction (mildly dangerous; 1% risk of failure)
Confirm with . or Enter, or press ? or * to list all spells.
A tormentor comes into view.
The hellion blinks!
The hellion blinks! x2
Casting: Disjunction (mildly dangerous; 1% risk of failure)
Confirm with . or Enter, or press ? or * to list all spells.
Aiming: Enfeeble (safe; 0% risk of failure)
Press: ? - help, Shift-Dir - straight line, f - hellion
Aim: a hellion (will inflict weakness and antimagic, chance to daze and blind: 97%)
The hellion partially resists.
The hellion is enfeebled!
The Brimstone Fiend calls on the powers of darkness!
Your body is wracked with pain!
The hellion falters for a moment.
Okay, then.
Blink to where?
Press: ? - help, Dir - move target, p - hellion
As you read the scroll of blinking, it crumbles to dust.
The hellion falters for a moment.
You have escaped!

#.# #############
#1#### #....
##########....#
#.###
#.............#
#.#
#.########{#####
#.### #^#
###.#8.8## #....
#'######....2...#
#####
.........#......#
..........2..8..##
#########
........##......8#
#........
.†......##......@#
#........
........##..)...8#
#........
.............8..##
#..[.....
........#.......#
#########
........#.......#
#
........#..#8.8##
#####
........#..#####
##########.:.#
........#.##
#............#
#########.#######
#............#
#.......#
#.....).....##
#######.#
#...........#.


You could see a hellion (weak, magic disrupted) and a tormentor.

Vanquished Creatures
  An ancient lich (Zot:5)
  A dread lich (Zot:5)
  Vv (Zot:2)
  A Killer Klown (Zot:5)
  A golden dragon (Zot:4)
  A bone dragon (Depths:4)
  2 doom hounds (Zot:2)
  An electric golem (Zot:5)
  Jorgrun (Swamp:2)
  5 tentacled monstrosities
  20 Orb Guardians (Zot:5)
  4 titans (Vaults:5)
  3 quicksilver dragons
  A sphinx (Depths:4)
  4 death cobs
  A deep elf master archer (Elf:1)
  Kirke (D:13)
  Gastronok (D:10)
  An eldritch tentacle (Vaults:5)
  A shadow dragon (Vaults:5)
  Aizul (Snake:2)
  2 fenstrider witches
  2 draconian knights
  4 draconian monks
  2 fire giants
  2 draconian shifters
  3 deep elf sorcerers
  A protean progenitor (Zot:4)
  4 nagarajas
  5 frost giants
  5 vault wardens (Vaults:5)
  A draconian stormcaller (Zot:2)
  A ghost moth (Zot:1)
  2 ghouls (Swamp:4)
  A spriggan defender (Depths:2)
  An orc warlord (Vaults:2)
  A very ugly thing (Depths:2)
  7 ironbound preservers
  2 black draconians
  3 stone giants
  2 deep elf demonologists (Elf:3)
  2 eleionomae
  A vampire knight (Depths:2)
  7 green draconians
  5 white draconians
  A yellow draconian (Zot:3)
  5 red draconians
  9 spark wasps
  4 bunyips
  Azrael (D:13)
  6 purple draconians
  Josephine (D:13)
  A green death (Depths:4)
  2 ettins (Vaults:5)
  2 deep elf high priests (Vaults:5)
  A shambling mangrove (Swamp:3)
  8 vault guards
  8 hydras
  Erolcha (D:13)
  A salamander tyrant (Snake:2)
  3 yaktaur captains
  8 ice dragons
  3 boulder beetles
  An ogre mage (D:15)
  2 spriggan air magi
  An ironbound frostheart (Vaults:1)
  A peacekeeper (Vaults:1)
  5 alligators
  A hell beast (Lair:5)
  A catoblepas (Lair:5)
  3 dancing weapons
  5 centaur warriors
  2 tengu warriors
  7 anacondas
  7 two-headed ogres
  7 naga warriors
  A deep troll earth mage (Depths:3)
  An occultist (D:15)
  6 shock serpents
  5 naga sharpshooters
  Nergalle (Orc:2)
  5 orc high priests
  A spriggan berserker (Depths:1)
  2 deep elf knights (Elf:1)
  A skyshark (Lair:4)
  3 iron trolls
  2 sea snakes (Snake:3)
  A glowing orange brain (Depths:4)
  3 arcanists
  20 deep trolls
  4 spectral hydras (Swamp:4)
  4 goliath frogs
  9 mana vipers
  5 spriggan druids
  3 bog bodies
  5 deep elf archers
  An orb spider (shapeshifter) (Vaults:5)
  5 naga ritualists
  10 swamp dragons
  6 ironbound convokers
  9 phantasmal warriors
  7 deep elf zephyrmancers
  2 harpies (Depths:3)
  2 lindwurms
  5 orc knights
  15 deep elf pyromancers
  A necromancer (Depths:2)
  An oklob plant (Swamp:4)
  7 ugly things
  4 orc sorcerers
  5 cyclopes
  2 will-o-the-wisps
  13 moths of wrath
  2 salamanders
  44 black mambas
  12 elephants
  3 manticores
  2 vault sentinels
  19 cane toads
  9 naga magi
  6 guardian serpents
  2 smoke demons
  2 orange demons (Lair:5)
  2 gargoyles (D:11)
  8 komodo dragons
  2 yaktaurs
  6 rime drakes
  Maggie (D:6)
  2 tengu conjurers
  A freezing wraith (Swamp:4)
  11 polar bears
  An ice devil (Lair:5)
  A merfolk (shapeshifter) (D:14)
  7 trolls
  5 bloated husks
  3 hydra zombies (Swamp:4)
  7 tyrant leeches
  5 hornets
  4 blink frogs
  10 dream sheep
  Prince Ribbit (D:5)
  17 slime creatures
  2 vampires
  4 spriggans
  2 air elementals
  A shadow (D:9)
  85 yaks
  4 wyverns
  3 water elementals
  5 fire elementals
  2 hogs (D:13)
  Eustachio (D:5)
  5 wraiths (D:13)
  2 basilisks
  A yaktaur simulacrum (Vaults:1)
  2 wargs
  Menkaure (D:5)
  11 vampire mosquitoes
  A steam dragon (D:9)
  8 swamp worms
  30 nagas
  2 acid dragons
  7 hell hounds
  14 water moccasins
  2 hydra simulacra (Swamp:4)
  18 orc warriors
  7 swamp drakes
  A black bear (D:6)
  8 ogres
  An ice beast (D:8)
  A sky beast (D:7)
  3 wolves (Lair:1)
  5 centaurs
  2 swamp dragon skeletons (Swamp:4)
  A phantom (D:5)
  3 kobold brigands
  11 bullfrogs
  An earth elemental (Elf:2)
  2 gnoll sergeants
  3 scorpions
  10 wights
  18 killer bees
  11 electric eels
  7 howler monkeys
  A lava snake (Lair:2)
  Crazy Yiuf (D:2)
  3 gnoll boudas (D:6)
  13 hounds
  4 jellies
  38 orc priests
  A sleepcap (D:6)
  Terence (D:2)
  30 orc wizards
  4 iguanas (D:6)
  30 gnolls
  3 swamp drake zombies (Swamp:4)
  8 adders
  A swamp drake skeleton (Swamp:4)
  A shadow imp (D:6)
  2 white imps (D:6)
  2 ufetubi (D:5)
  2 dart slugs (D:4)
  73 orcs
  14 endoplasms
  10 giant cockroaches
  10 goblins
  5 hobgoblins
  2 jackals (D:6)
  16 kobolds
  2 quokkas
  9 ball pythons
  8 bats
  5 frilled lizards
  7 rats
1213 creatures vanquished.

Vanquished Creatures (collateral kills)
  5 dread liches
  An ancient lich (Zot:5)
  6 orbs of fire
  Parghit (Zot:4)
  2 Killer Klowns
  Vashnia (Snake:4)
  8 caustic shrikes
  5 golden dragons
  Norris (Vaults:2)
  A Tzitzimitl (Zot:5)
  3 electric golems
  The ghost of Rusiuc the Minotaur Blade, an adept MiBe of Trog (Elf:2)
  11 tentacled monstrosities
  5 Orb Guardians (Zot:5)
  Zenata (Vaults:3)
  Grunn (Zot:2)
  3 quicksilver dragons
  3 liches
  A walking frostbound tome (Depths:2)
  2 deep elf master archers (Elf:3)
  4 titans
  3 sphinxes
  2 deep elf blademasters (Elf:3)
  3 thorn hunters (Swamp:4)
  3 death cobs
  16 eldritch tentacles
  10 shadow dragons
  An azure jelly (Elf:2)
  4 storm dragons
  3 tengu reavers
  3 draconian knights
  A draconian monk (Zot:1)
  A protean progenitor (Zot:4)
  4 nagarajas (Snake:4)
  2 deep elf sorcerers
  4 rockslimes (Elf:2)
  An emperor scorpion (Zot:4)
  3 draconian scorchers
  2 deep elf elementalists
  9 fire giants
  3 frost giants
  3 draconian shifters
  12 vault wardens
  4 orc warlords
  A spriggan defender (Depths:2)
  A ghoul (Vaults:3)
  9 draconian annihilators
  11 ironbound preservers
  6 ironbound thunderhulks
  4 draconian stormcallers
  11 stone giants
  10 very ugly things
  2 formless jellyfish (Vaults:4)
  5 vampire knights
  6 deep elf demonologists
  A deep elf death mage (Elf:3)
  6 green draconians
  7 yellow draconians
  8 red draconians
  A war gargoyle (Vaults:3)
  2 deep elf annihilators (Elf:3)
  7 purple draconians
  4 dire elephants
  A lorocyproca (Depths:4)
  13 black draconians
  3 white draconians
  A crystal guardian (Vaults:3)
  3 spark wasps
  An eidolon (Depths:1)
  6 ettins
  7 fire dragons
  2 shambling mangroves (Swamp:4)
  7 great orbs of eyes
  2 deep elf high priests (Elf:3)
  22 vault guards
  A hell beast (Depths:1)
  3 rakshasas
  3 yaktaur captains
  6 ice dragons
  2 peacekeepers (Vaults:3)
  6 salamander tyrants
  5 spriggan air magi
  6 ironbound frosthearts
  20 dancing weapons
  7 two-headed ogres
  5 centaur warriors
  5 deep troll shamans
  2 boulder beetles (Vaults:4)
  5 tengu warriors
  7 naga warriors
  11 naga sharpshooters
  3 deep troll earth magi
  3 orc high priests (Vaults:2)
  4 spriggan berserkers
  3 vampire magi
  2 occultists (Depths:1)
  A soul eater (Depths:4)
  3 hell knights
  5 spriggans
  10 deep elf knights
  A salamander mystic (Snake:4)
  8 iron trolls
  An orb spider (shapeshifter) (Vaults:5)
  39 deep trolls
  2 spriggan druids
  2 skysharks (Vaults:2)
  A quicksilver dragon simulacrum (Depths:1)
  5 arcanists
  A flayed ghost (Depths:2)
  4 phantasmal warriors
  4 glowing orange brains
  A steelbarb worm (shapeshifter) (Vaults:5)
  A death drake (shapeshifter) (Depths:2)
  12 deep elf archers
  2 naga ritualists (Snake:1)
  7 ironbound convokers
  2 harpies (Depths:3)
  13 deep elf pyromancers
  A necromancer (Vaults:1)
  2 oklob plants (Swamp:4)
  11 deep elf zephyrmancers
  15 orc knights
  24 ugly things
  A faun (shapeshifter) (Vaults:5)
  An orc sorcerer (Orc:2)
  6 moths of wrath
  2 kobold blastminers (Orc:2)
  8 salamanders
  5 naga magi
  14 vault sentinels
  A human zombie (Vaults:1)
  2 guardian serpents (Snake:4)
  12 yaktaurs
  A freezing wraith (Vaults:5)
  An efreet (D:15)
  2 tengu conjurers (Depths:1)
  A polar bear (shapeshifter) (Elf:3)
  2 red devils (Lair:5)
  A troll (D:14)
  5 hornets
  A stone giant simulacrum (Vaults:1)
  34 slime creatures
  5 air elementals
  3 water elementals
  6 golden eyes (Elf:2)
  3 fire elementals
  21 nagas
  11 orc warriors
  A centaur (D:9)
  A gnoll sergeant (D:6)
  An earth elemental (Elf:3)
  3 wights
  2 orc priests
  2 orc wizards (Orc:2)
  7 orcs
  A kobold (D:7)
  7 foxfires
  A spectral weapon (Zot:5)
795 creatures vanquished.

Vanquished Creatures (others)
  2 orbs of fire (Zot:5)
  2 caustic shrikes (Depths:3)
  A doom hound (Zot:2)
  A tentacled monstrosity (Vaults:5)
  340 eldritch tentacles
  An azure jelly (Elf:2)
  A draconian monk (Zot:1)
  An emperor scorpion (Zot:4)
  2 draconian shifters
  A frost giant (Depths:4)
  A draconian stormcaller (Zot:2)
  A black draconian (Zot:1)
  A deep elf death mage (Elf:3)
  2 spark wasps (Depths:4)
  A green draconian (Zot:3)
  A white draconian (Zot:5)
  A red draconian (Zot:2)
  An ogre mage (Vaults:5)
  A two-headed ogre (shapeshifter) (Depths:1)
  A deep troll shaman (Depths:3)
  A tengu warrior (Depths:3)
  A deep elf knight (Elf:2)
  4 deep trolls
  A bog body (Swamp:2)
  5 harpies
  A deep elf pyromancer (Elf:1)
  A moth of wrath (Zot:1)
  A naga mage (Snake:3)
  2 tengu conjurers (Depths:3)
  A spriggan (Swamp:4)
  20 dancing weapons
  A fire elemental (Elf:1)
  1953 foxfires
  A spectral weapon (Zot:5)
2356 creatures vanquished.

Grand Total: 4364 creatures vanquished

Notes
Turn   | Place    | Note
-------+----------+-------------------------------------------
     0 | D:1      | Natenado the Djinni Fire Elementalist began the quest for
                  | the Orb.
     0 | D:1      | Natenado set off with the following spells memorised:
                  | Foxfire, Scorch, Volatile Blastmotes, Inner Flame, Flame
                  | Wave.
     0 | D:1      | Reached XP level 1. HP: 15/15 MP: 0/0
    56 | D:1      | Found Wyhalomm's Jewellery Boutique.
   239 | D:1      | Reached XP level 2. HP: 18/21 MP: 0/0
   593 | D:1      | Reached XP level 3. HP: 24/25 MP: 0/0
   593 | D:1      | Learned a level 1 spell: Slow
  1293 | D:2      | Reached XP level 4. HP: 30/31 MP: 0/0
  1615 | D:2      | Noticed Terence
  1629 | D:2      | Killed Terence
  1885 | D:4      | Reached XP level 5. HP: 33/35 MP: 0/0
  1885 | D:4      | Learned a level 2 spell: Call Imp
  1961 | D:2      | Found a runed translucent door.
  1962 | D:2      | Noticed Crazy Yiuf
  1972 | D:2      | Killed Crazy Yiuf
  2127 | D:2      | Found a faded altar of an unknown god.
  2390 | D:3      | Reached skill level 5 in Spellcasting
  2390 | D:3      | Reached skill level 5 in Conjurations
  2390 | D:3      | Reached skill level 5 in Hexes
  2390 | D:3      | Reached skill level 5 in Summonings
  2390 | D:3      | Reached skill level 5 in Necromancy
  2390 | D:3      | Reached skill level 5 in Translocations
  2390 | D:3      | Reached skill level 5 in Fire Magic
  2390 | D:3      | Reached skill level 5 in Ice Magic
  2390 | D:3      | Reached skill level 5 in Air Magic
  2390 | D:3      | Reached skill level 5 in Earth Magic
  2390 | D:3      | Reached skill level 5 in Alchemy
  3074 | D:3      | Identified the +4 pair of gloves of the Arcane {rF- Dex+7}
  3183 | D:4      | Found Zoosmeil's Antique Weapon Boutique.
  3200 | D:4      | Noticed an ogre
  3216 | D:4      | Killed an ogre
  3217 | D:4      | Reached XP level 6. HP: 32/40 MP: 0/0
  3310 | D:4      | Found a glowing silver altar of Zin.
  3312 | D:4      | Noticed an ogre
  3323 | D:4      | Killed an ogre
  3335 | D:4      | Reached XP level 7. HP: 23/45 MP: 0/0
  3335 | D:4      | Learned a level 3 spell: Tukima's Dance
  3484 | D:4      | Found a staircase to the Ecumenical Temple.
  3493 | Temple   | Entered the Ecumenical Temple
  3664 | D:5      | Entered Level 5 of the Dungeon
  3793 | D:4      | Found Xinaesolu's CLEARANCE SALE!.
  4237 | D:5      | Noticed Prince Ribbit
  4253 | D:5      | Killed Prince Ribbit
  4254 | D:5      | Reached XP level 8. HP: 33/50 MP: 0/0
  4647 | D:5      | Noticed Eustachio
  4655 | D:5      | Killed Eustachio
  4668 | D:5      | Noticed Menkaure
  4696 | D:5      | HP: 1/50 [shot self (8)]
  5020 | D:5      | Killed Menkaure
  5021 | D:5      | Reached XP level 9. HP: 48/55 MP: 0/0
  5021 | D:5      | Learned a level 3 spell: Vampiric Draining
  5117 | D:5      | Found a broken altar of Ashenzari.
  5121 | D:5      | Became a worshipper of Ashenzari the Shackled
  5790 | D:6      | Reached skill level 10 in Spellcasting
  5790 | D:6      | Reached skill level 10 in Conjurations
  5790 | D:6      | Reached skill level 10 in Hexes
  5790 | D:6      | Reached skill level 10 in Summonings
  5790 | D:6      | Reached skill level 10 in Necromancy
  5790 | D:6      | Reached skill level 10 in Translocations
  5790 | D:6      | Reached skill level 10 in Fire Magic
  5790 | D:6      | Reached skill level 10 in Ice Magic
  5790 | D:6      | Reached skill level 10 in Air Magic
  5790 | D:6      | Reached skill level 10 in Earth Magic
  5790 | D:6      | Reached skill level 10 in Alchemy
  6214 | D:6      | Found a shadowy altar of Dithmenos.
  6317 | D:6      | Noticed Maggie
  6358 | D:6      | Killed Maggie
  6359 | D:6      | Reached XP level 10. HP: 10/60 MP: 0/0
  7193 | D:6      | Found Ulipoip's Weapon Shoppe.
  7248 | D:6      | HP: 1/60 [shot self (2)]
  7561 | D:6      | Reached * piety under Ashenzari
  7821 | D:8      | Found Lekhlass's Armour Shop.
  7821 | D:8      | Found Vahoesyu's Antique Armour Shop.
  7821 | D:8      | Found Tiuchion's Distillery.
  8272 | D:8      | Reached ** piety under Ashenzari
  8457 | D:8      | Found Ihageach's Hallowed Reliquary.
  8460 | D:8      | Noticed an angel
  8464 | D:8      | Bought a potion of heal wounds for 70 gold pieces
  9156 | D:9      | Found a transporter.
  9163 | D:10     | Entered Level 10 of the Dungeon
  9169 | D:9      | Found a transporter.
  9170 | D:9      | Noticed a boulder beetle
  9207 | D:10     | Reached XP level 11. HP: 11/65 MP: 0/0
  9207 | D:10     | Learned a level 5 spell: Fireball
  9275 | D:9      | Found an ornate altar of the Wu Jian Council.
  9295 | D:9      | Reached skill level 1 in Fighting
  9296 | D:9      | Reached skill level 2 in Fighting
  9443 | D:9      | Found a hazy altar of Hepliaklqana.
  9469 | D:9      | Reached skill level 3 in Fighting
  9514 | D:9      | Reached skill level 4 in Fighting
  9609 | D:9      | Found a staircase to the Lair.
  9792 | D:11     | Noticed a two-headed ogre
  9796 | D:11     | Killed a two-headed ogre
  9797 | D:11     | Reached skill level 5 in Fighting
  9821 | D:10     | Reached skill level 7 in Fighting
  9914 | D:10     | Reached *** piety under Ashenzari
  9990 | D:10     | Noticed Gastronok
  9998 | D:10     | Killed Gastronok
  9999 | D:10     | Reached skill level 8 in Fighting
 10178 | D:10     | Found a sacrificial altar of Ru.
 10202 | D:10     | Found Nakkug's Vocational Training.
 10362 | Lair:1   | Entered Level 1 of the Lair of Beasts
 10408 | D:9      | Reached XP level 12. HP: 6/94 MP: 0/0
 10563 | Lair:1   | Reached skill level 9 in Fighting
 10944 | Lair:1   | Reached skill level 5 in Dodging
 11378 | Lair:1   | Reached skill level 10 in Fighting
 11492 | Lair:1   | Reached **** piety under Ashenzari
 12150 | Lair:2   | Found a staircase to the Snake Pit.
 12337 | Lair:2   | Found a staircase to the Swamp.
 12391 | Lair:2   | Reached skill level 11 in Fighting
 12399 | Lair:2   | Reached XP level 13. HP: 89/104 MP: 0/0
 12399 | Lair:2   | Learned a level 5 spell: Curse of Agony
 12410 | Lair:2   | Noticed a four-headed hydra
 12414 | Lair:2   | Banished a four-headed hydra
 13657 | Lair:4   | Reached skill level 1 in Shields
 14450 | Lair:3   | Reached skill level 5 in Shields
 14959 | Lair:5   | Entered Level 5 of the Lair of Beasts
 14980 | Lair:4   | Reached skill level 12 in Fighting
 15031 | Lair:5   | Reached XP level 14. HP: 85/112 MP: 0/0
 15362 | Lair:4   | Reached ***** piety under Ashenzari
 15431 | Lair:4   | Found a staircase to the Slime Pits.
 16209 | Lair:5   | Reached skill level 13 in Fighting
 16244 | Lair:5   | Reached skill level 15 in Spellcasting
 16244 | Lair:5   | Reached skill level 15 in Conjurations
 16244 | Lair:5   | Reached skill level 15 in Hexes
 16244 | Lair:5   | Reached skill level 15 in Summonings
 16244 | Lair:5   | Reached skill level 15 in Necromancy
 16244 | Lair:5   | Reached skill level 15 in Translocations
 16244 | Lair:5   | Reached skill level 15 in Fire Magic
 16244 | Lair:5   | Reached skill level 15 in Ice Magic
 16244 | Lair:5   | Reached skill level 15 in Air Magic
 16244 | Lair:5   | Reached skill level 15 in Earth Magic
 16244 | Lair:5   | Reached skill level 15 in Alchemy
 17461 | Lair:5   | Found a burning altar of Makhleb.
 17886 | D:11     | Reached skill level 14 in Fighting
 18599 | D:11     | Reached XP level 15. HP: 107/124 MP: 0/0
 18599 | D:11     | Learned a level 6 spell: Starburst
 19397 | D:13     | Reached ****** piety under Ashenzari
 19666 | D:12     | Found a staircase to the Orcish Mines.
 20453 | D:13     | Noticed Josephine
 20714 | D:13     | Noticed Azrael
 20769 | D:13     | Killed Josephine
 21012 | D:13     | Killed Azrael
 21128 | D:13     | Noticed Erolcha
 21133 | D:13     | Killed Erolcha
 21617 | D:13     | Noticed Kirke
 21636 | D:13     | Killed Kirke
 22679 | D:14     | Found a portal to a secret trove of treasure.
 22950 | Orc:1    | Entered Level 1 of the Orcish Mines
 23078 | Orc:2    | Entered Level 2 of the Orcish Mines
 23633 | Orc:2    | Found Vugusiw's Antique Weapon Boutique.
 23633 | Orc:2    | Found Xavyneiqo's Antique Armour Shop.
 23633 | Orc:2    | Found Neurgh's Antique Armour Shop.
 23640 | Orc:2    | Found Lucaqika's Magic Scroll Boutique.
 23649 | Orc:2    | Bought a runed robe for 77 gold pieces
 23875 | Orc:2    | Found a staircase to the Elven Halls.
 24212 | Orc:1    | Reached XP level 16. HP: 100/132 MP: 0/0
 24544 | Orc:1    | Noticed Nergalle
 24552 | Orc:2    | Killed Nergalle
 24591 | Orc:1    | Reached skill level 15 in Fighting
 25202 | D:15     | Entered Level 15 of the Dungeon
 25312 | D:15     | Found a shimmering altar of Xom.
 25403 | D:15     | Reached skill level 16 in Fighting
 25726 | D:15     | Found a shimmering altar of Xom.
 25727 | D:15     | Found a shimmering altar of Xom.
 25727 | D:15     | Found a shimmering altar of Xom.
 25727 | D:15     | Found a shimmering altar of Xom.
 25943 | D:15     | Found a staircase to the Depths.
 26297 | D:14     | Reached skill level 17 in Fighting
 26312 | D:14     | Identified the +2 giant club "Guimyrurch" {flame, rF+ rN+
                  | rCorr}
 26697 | D:14     | Found a gate to the Vaults.
 27239 | Lair:5   | Found a gateway to Hell.
 27594 | Swamp:1  | Entered Level 1 of the Swamp
 27657 | Swamp:1  | Identified the blade talisman "Wifif" {Str+4 Slay+2 Stlth-}
 28379 | Swamp:1  | Reached XP level 17. HP: 141/146 MP: 0/0
 28379 | Swamp:1  | Learned a level 6 spell: Sculpt Simulacrum
 28587 | Swamp:1  | Reached skill level 18 in Fighting
 28987 | Swamp:2  | Noticed Jorgrun
 29025 | Swamp:2  | Killed Jorgrun
 29501 | Swamp:3  | Identified the +10 falchion "Dununet" {heavy, rPois SInv}
 29501 | Swamp:3  | Identified the +8 falchion of Upheel {venom, rElec rCorr
                  | Dex+3}
 29702 | Swamp:4  | Entered Level 4 of the Swamp
 29928 | Swamp:3  | Reached skill level 19 in Fighting
 30904 | Swamp:4  | Reached skill level 20 in Fighting
 31143 | Swamp:4  | Noticed a thorn hunter
 31271 | Snake:1  | Entered Level 1 of the Snake Pit
 31410 | Snake:2  | Found Gilije's Weapon Emporium.
 31476 | Snake:1  | Reached XP level 18. HP: 150/159 MP: 0/0
 31871 | Snake:1  | Found a hide-covered altar of Uskayaw.
 32396 | Snake:2  | Reached skill level 21 in Fighting
 32482 | Snake:2  | Identified the serpent talisman of the Hart {*Slow Str+2
                  | SInv}
 32482 | Snake:2  | Noticed Aizul
 32490 | Snake:2  | Killed Aizul
 32929 | Snake:2  | Found Jufus's Jewellery Shoppe.
 32929 | Snake:2  | Found Jaxkab's Book Shop.
 32930 | Snake:2  | Found Etwuemot's Jewellery Shoppe.
 33608 | Snake:3  | Reached skill level 22 in Fighting
 35600 | Snake:4  | Entered Level 4 of the Snake Pit
 35738 | Snake:4  | Found Okorgh's Antique Weapon Boutique.
 35747 | Snake:4  | Reached XP level 19. HP: 166/168 MP: 0/0
 35747 | Snake:4  | Learned a level 7 spell: Malign Gateway
 36904 | Snake:4  | Noticed Vashnia
 36952 | Snake:4  | Identified the +11 dagger "Umolit" {antimagic, Int+4
                  | Stlth+}
 37011 | Snake:4  | Killed Vashnia
 37293 | Snake:4  | Got a serpentine rune of Zot
 38223 | Swamp:4  | Found a blossoming altar of Fedhas.
 38234 | Swamp:4  | Reached skill level 23 in Fighting
 38293 | Swamp:4  | Found a basalt altar of Yredelemnul.
 38314 | Swamp:4  | Got a decaying rune of Zot
 38701 | Elf:1    | Entered Level 1 of the Elven Halls
 38711 | Elf:1    | Paralysed by an air elemental for 1 turns
 38735 | Elf:1    | Found Bygabbe's Antique Weapon Shop.
 38775 | Elf:1    | Found Laptalac's General Store.
 38855 | Elf:1    | Paralysed by an air elemental for 1 turns
 38858 | Elf:1    | Paralysed by an air elemental for 1 turns
 38862 | Elf:1    | Paralysed by an air elemental for 1 turns
 39502 | Elf:1    | Found a huge runed translucent gate.
 39502 | Elf:1    | Found a huge runed translucent gate.
 39504 | Elf:1    | Found a huge runed translucent gate.
 39504 | Elf:1    | Found a huge runed translucent gate.
 39507 | Elf:1    | Found a huge runed translucent gate.
 39508 | Elf:1    | Found a huge runed translucent gate.
 39508 | Elf:1    | Found a huge runed translucent gate.
 39508 | Elf:1    | Found a huge runed translucent gate.
 39508 | Elf:1    | Found a huge runed translucent gate.
 39508 | Elf:1    | Found a huge runed translucent gate.
 39508 | Elf:1    | Found a huge runed translucent gate.
 39509 | Elf:1    | Found a huge runed translucent gate.
 39509 | Elf:1    | Found a huge runed translucent gate.
 39509 | Elf:1    | Found a huge runed translucent gate.
 39509 | Elf:1    | Found a huge runed translucent gate.
 39509 | Elf:1    | Found a huge runed translucent gate.
 39509 | Elf:1    | Found a huge runed translucent gate.
 39509 | Elf:1    | Found a huge runed translucent gate.
 39509 | Elf:1    | Found a huge runed translucent gate.
 39510 | Elf:1    | Found a huge runed translucent gate.
 39630 | Elf:1    | Reached XP level 20. HP: 170/180 MP: 0/0
 39769 | Elf:2    | Found a runed translucent gate.
 39770 | Elf:2    | Found a runed translucent gate.
 39988 | Vaults:1 | Entered Level 1 of the Vaults
 40125 | Vaults:1 | Reached skill level 24 in Fighting
 42972 | Vaults:2 | Reached skill level 25 in Fighting
 44932 | Vaults:3 | Reached XP level 21. HP: 180/187 MP: 0/0
 44932 | Vaults:3 | Learned a level 7 spell: Enfeeble
 45526 | Vaults:3 | Reached skill level 26 in Fighting
 46039 | Vaults:3 | Found a staircase to the Crypt.
 46119 | Vaults:3 | Found Otutom's Weapon Shoppe.
 46238 | Vaults:3 | Noticed Zenata
 46242 | Vaults:3 | Killed Zenata
 49330 | Vaults:4 | Found Dimarreq's Book Shop.
 49439 | Vaults:4 | Identified the +2 sling "Oprell" {heavy, rElec rN+ Will+
                  | Str+4}
 50201 | Vaults:4 | Reached skill level 10 in Dodging
 51376 | Orc:2    | Bought a runed cloak for 180 gold pieces
 53279 | Elf:1    | Reached XP level 22. HP: 49/194 MP: 0/0
 53892 | Vaults:2 | Noticed Norris
 53934 | Vaults:2 | Killed Norris
 54264 | Snake:2  | Bought an amulet of reflection for 390 gold pieces
 55211 | Depths:1 | Entered Level 1 of the Depths
 55442 | Depths:1 | Found a one-way gate leading to the halls of Pandemonium.
 56149 | Depths:1 | Found a basalt altar of Yredelemnul.
 56614 | Depths:2 | Found a one-way gate to the infinite horrors of the Abyss.
 56805 | Depths:1 | Reached skill level 1 in Evocations
 57916 | Depths:2 | Found Hetucingy's Distillery.
 57916 | Depths:2 | Found Josch's General Store.
 57922 | Depths:2 | Found Daockes's Magic Scroll Emporium.
 57925 | Depths:2 | Bought a scroll of revelation for 135 gold pieces
 57925 | Depths:2 | Bought a scroll of fear for 72 gold pieces
 57925 | Depths:2 | Bought a scroll of fog for 72 gold pieces
 57925 | Depths:2 | Found Baraja's Jewellery Shoppe.
 57929 | Depths:2 | Bought a potion of heal wounds for 60 gold pieces
 57935 | Depths:2 | Bought a potion of heal wounds for 95 gold pieces
 57935 | Depths:2 | Bought a potion of heal wounds for 95 gold pieces
 58526 | D:1      | Bought the ring "Sor Nuju" {rF++ rN++ Will- AC+4} for 801
                  | gold pieces
 59249 | Depths:2 | Reached skill level 5 in Evocations
 60708 | Depths:2 | Reached XP level 23. HP: 140/201 MP: 0/0
 60708 | Depths:2 | Learned a level 8 spell: Discord
 61471 | Depths:2 | Found Warem's Armour Boutique.
 61480 | Depths:2 | Noticed a golden dragon
 61506 | Depths:2 | Killed a golden dragon
 61893 | Depths:2 | Bought the +0 pair of gloves "Jywkust" {+Inv Will++ MP-9}
                  | for 231 gold pieces
 63466 | Depths:3 | Found a one-way gateway to a ziggurat.
 63945 | Depths:3 | Found Big Baal Hell's Store.
 64035 | Depths:3 | Found the +3 hat of Pondering {ponderous, Will+ MP+10
                  | Int+5}
 65318 | Elf:2    | Found a runed translucent gate.
 65483 | Elf:2    | Found a shimmering altar of Xom.
 65594 | Elf:2    | Found a runed translucent gate.
 65595 | Elf:2    | Found a runed translucent gate.
 65603 | Elf:2    | Found a runed translucent gate.
 65811 | Elf:2    | Noticed Rusiuc's ghost (adept MiBe)
 65822 | Elf:2    | Found a viscous altar of Jiyva.
 65822 | Elf:2    | Identified the +1 robe of Kiet {-Cast Dex+7}
 65839 | Elf:2    | Killed Rusiuc's ghost
 65937 | Elf:3    | Entered Level 3 of the Elven Halls
 65937 | Elf:3    | Found Koell's Antique Weapon Emporium.
 67464 | Elf:3    | Paralysed by an air elemental for 1 turns
 67647 | Elf:3    | Noticed Roxanne
 68448 | Elf:3    | Identified the +5 scimitar of Kizim {heavy, ^Fragile Str+5
                  | Int+4}
 68456 | Elf:3    | Identified the +9 great sword "Etoaku" {drain, rPois rF+
                  | rC+}
 68728 | Elf:3    | Identified the staff of the Thoughtful Allies {rC+ Str+2
                  | Ice Earth}
 68729 | Elf:3    | Identified the staff "Jiefu" {rElec rF+ rC- Stlth+ Air}
 69176 | Elf:3    | Identified the amulet of Kapna {rPois rF+ Regen+ Dex+3
                  | SInv}
 69176 | Elf:3    | Identified the ring "Qoyge" {^Contam rPois rN+ Will+}
 69176 | Elf:3    | Identified the +0 plate armour of Red Life {Slay+2}
 69176 | Elf:3    | Identified the +6 hand axe of the Grinning Seeker {freeze,
                  | Str+2}
 69176 | Elf:3    | Identified the amulet of Gegohac {RegenMP rF+ Str-2 Dex+2}
 69178 | Elf:3    | Identified the +6 great sword of Insufficient Pleasure
                  | {spect, ^Drain rPois Dex+4 Stlth+}
 69197 | Elf:3    | Identified the Dissertation on the Terrestrial Crypt
 69197 | Elf:3    | Identified the +0 chain mail of Suskas {rPois}
 70447 | Depths:3 | Found a glowing silver altar of Zin.
 70578 | Depths:3 | Noticed a caustic shrike
 70578 | Depths:3 | Noticed a caustic shrike
 70578 | Depths:3 | Noticed a caustic shrike
 70583 | Depths:3 | Noticed a caustic shrike
 70730 | Depths:3 | Killed a caustic shrike
 70730 | Depths:3 | Killed a caustic shrike
 70731 | Depths:3 | Reached XP level 24. HP: 154/208 MP: 0/0
 70732 | Depths:3 | Killed a caustic shrike
 70745 | Depths:3 | Killed a caustic shrike
 71214 | Depths:4 | Entered Level 4 of the Depths
 71220 | Depths:4 | Reached skill level 27 in Fighting
 71474 | Depths:4 | Noticed a golden dragon
 71675 | Depths:4 | Found Bicokis's Magic Scroll Emporium.
 71677 | Depths:4 | Found Duuxudy's Weapon Shoppe.
 71679 | Depths:4 | Found Puyheus's Book Emporium.
 72001 | Vaults:5 | Entered Level 5 of the Vaults
 72872 | Vaults:5 | Identified the amulet of Lilacs {Reflect rF++ Regen+ Str-5
                  | SH+5}
 73130 | Vaults:5 | Identified the +1 leather armour of Reason {+Blink Slay+2}
 73176 | Vaults:5 | Noticed a golden dragon
 73187 | Vaults:5 | Killed a golden dragon
 75300 | Vaults:5 | Reached XP level 25. HP: 202/214 MP: 0/0
 75300 | Vaults:5 | Learned a level 8 spell: Disjunction
 75356 | Vaults:5 | Identified the +8 eveningstar of Perversion {venom, rF- rC+
                  | rCorr Int+3}
 75753 | Vaults:5 | Noticed a dread lich
 75758 | Vaults:5 | Killed a dread lich
 76127 | Vaults:5 | Identified the +3 glaive "Yniyf" {freeze, rF+ Will+ Int+3}
 77172 | Vaults:5 | Identified the +7 falchion "Jano" {heavy, *Corrode +Blink
                  | rF- rN+++}
 78033 | Vaults:5 | Got a silver rune of Zot
 78343 | Depths:4 | Noticed a caustic shrike
 78344 | Depths:4 | Noticed a caustic shrike
 78344 | Depths:4 | Noticed a caustic shrike
 78360 | Depths:4 | Killed a caustic shrike
 78368 | Depths:4 | Noticed a caustic shrike
 78369 | Depths:4 | Killed a caustic shrike
 78369 | Depths:4 | Noticed a caustic shrike
 78370 | Depths:4 | Killed a caustic shrike
 78372 | Depths:4 | Killed a caustic shrike
 78373 | Depths:4 | Killed a caustic shrike
 80442 | Depths:4 | Found a gate to the Realm of Zot.
 81540 | Zot:1    | Entered Level 1 of the Realm of Zot
 82061 | Zot:1    | Identified the +7 broad axe of Offence {freeze, ^Fragile
                  | rF++ rC+ rCorr}
 83751 | Zot:1    | Reached XP level 26. HP: 117/221 MP: 0/0
 85180 | Zot:2    | Noticed Vv
 85881 | Zot:2    | Killed Grunn
 86266 | Zot:2    | Noticed a Killer Klown
 86269 | Zot:2    | Killed a Killer Klown
 86272 | Zot:2    | Noticed an orb of fire
 86279 | Zot:2    | Killed an orb of fire
 86700 | Zot:2    | Killed Vv
 90219 | Zot:4    | Noticed Parghit
 91274 | Zot:4    | Reached XP level 27. HP: 205/228 MP: 0/0
 91274 | Zot:4    | Learned a level 9 spell: Shatter
 92629 | Zot:4    | Killed Parghit
 94855 | Depths:3 | Bought 10 scrolls of blinking for 4950 gold pieces
 96015 | Zot:5    | Entered Level 5 of the Realm of Zot
 96628 | Zot:5    | Reached skill level 15 in Dodging
 97654 | Zot:5    | Noticed a dread lich
 97654 | Zot:5    | Noticed an orb of fire
 97654 | Zot:5    | Noticed a Killer Klown
 97956 | Zot:5    | Killed an orb of fire
 98136 | Zot:5    | Noticed an ancient lich
 98169 | Zot:5    | Killed an ancient lich
 98239 | Zot:5    | Killed a Killer Klown
 98283 | Zot:5    | Noticed an orb of fire
 98292 | Zot:5    | Gained mutation: You are frail. (-10% HP) [an orb of fire]
 98309 | Zot:5    | Killed an orb of fire
 98442 | Zot:5    | Noticed a dread lich
 98451 | Zot:5    | Killed a dread lich
 98558 | Zot:5    | Noticed a dread lich
 98607 | Zot:5    | Killed a dread lich
 98892 | Zot:5    | Noticed a dread lich
 98907 | Zot:5    | Killed a dread lich
 99161 | Zot:5    | Killed a dread lich
 99522 | Zot:5    | Noticed an orb of fire
 99556 | Zot:5    | Killed an orb of fire
 99704 | Zot:5    | Noticed a Killer Klown
 99715 | Zot:5    | Killed a Killer Klown
 99816 | Zot:5    | Noticed an orb of fire
100297 | Zot:5    | Noticed an orb of fire
100298 | Zot:5    | Noticed an orb of fire
100311 | Zot:5    | Gained mutation: You are clumsy. (Dex -2) [an orb of fire]
100714 | Zot:5    | Gained mutation: You are very frail. (-20% HP) [an orb of
                  | fire]
100727 | Zot:5    | Killed an orb of fire
100731 | Zot:5    | Killed an orb of fire
100962 | Zot:5    | Noticed an ancient lich
100971 | Zot:5    | Killed an ancient lich
101133 | Zot:5    | Noticed a dread lich
101149 | Zot:5    | Killed a dread lich
101266 | Zot:5    | Gained mutation: You occasionally lose the ability to read
                  | scrolls when taking damage. [an orb of fire]
101274 | Zot:5    | Killed an orb of fire
101485 | Zot:5    | Gained mutation: You are extremely frail. (-30% HP) [an orb
                  | of fire]
101489 | Zot:5    | Killed an orb of fire
102002 | Zot:5    | Got the Orb of Zot
102585 | D:$      | Escaped with the Orb!

Illustrated notes

Levels and vault maps discovered:
D:1:      mrwooster_arrival_statue_2, layout_basic, serial_shops,
          nicolae_shop_hallway_plus, minmay_worlds_worst_comb
D:2:      wander_river, layout_loops_cross, hellmonk_ecumenical_altar_blasted,
          minmay_fountain_box, st_stairs_7, uniq_crazy_yiuf_cottage,
          uniq_terence
D:3:      layout_loops_ring, serial_bayou_ford_a, nicolae_eternal_life,
          hangedman_decor_slide_cut
D:4:      layout_cave_pools, mainiacjoe_overflow_small_starburst,
          minmay_temple_entry_glass, serial_shops, shop_statue,
          grunt_ministairs_10, minmay_misc_feat_enclosed, nicolae_shop_clearance
D:5:      layout_gridville, mainiacjoe_overflow_alcove_1,
          minmay_misc_feat_more_columns, uniq_eustachio, uniq_prince_ribbit1,
          uniq_menkaure
D:6:      layout_cave_pools, nicolae_dithmenos_shadow_blocks, serial_gnoll_camp,
          gnoll_camp_mini_hut, gnoll_camp_mini_basic, gnoll_camp_huts_basic,
          gnoll_camp_mini_shop, gnoll_camp_mini_doghouse, uniq_maggie
D:7:      layout_rooms, chequers_serial_rivers_small_3, nrook_mini_vaults
D:8:      layout_basic, nicolae_shop_distant_corner_stores, nicolae_good_shop
D:9:      gammafunk_boulding_lane, layout_rooms, mainiacjoe_overflow_catwalk,
          nzn_hepliaklqana_mist_gate, lair_entry_dummy, enter_bailey_3
D:10:     layout_rooms, gammafunk_temple_overflow_forgotten,
          nicolae_shop_vocational, uniq_gastronok
D:11:     layout_irregular_city, portal_ice_cave_rime, serial_glass,
          glass_columns_a, glass_columns_c, minmay_misc_feat_diagonals
D:12:     layout_basic, erik_orc_1, hex_tiny
D:13:     layout_layer_cave, water_boxes_lemuel, uniq_josephine, uniq_erolcha,
          uniq_kirke, uniq_azrael
D:14:     layout_loops_ring, david_vaults_1, trove_entry_hex_spiral
D:15:     grunt_enter_depths_hoard, layout_rooms, xom_redecorated
Temple:   eino_narrow_crystal_temple
Lair:1:   layout_layer_cave, cheibrodos_lair_lostbears
Lair:2:   layout_gridlike, skrybe_swamp_entry_bodies,
          nicolae_snake_entry_warm_welcome
Lair:3:   layout_big_grid
Lair:4:   layout_roguey, nicolae_slime_entry_slimehenge
Lair:5:   evil_forest, layout_misc_corridors, infiniplex_staircase_pool_2
Swamp:1:  layout_falls_marsh, nicolae_swamp_tree_designs
Swamp:2:  layout_basic_swamp, evilmike_swamp_ruin_rubble_2, uniq_jorgrun
Swamp:3:  layout_falls_marsh, nicolae_swamp_decorative_isthmus
Swamp:4:  byrel_swamp_growth_death_and_undeath, layout_basic_swamp
Snake:1:  layout_layer_cave, basic_altar, nicolae_snake_omega
Snake:2:  nicolae_aizul_guard, layout_grid_shapes, serial_shops, shop_fountains,
          serial_bayou_pond_b, grunt_megastairs_4, minmay_shop_grove
Snake:3:  layout_onion, guppyfry_snake_island, grunt_megastairs_3,
          nicolae_triple_integral
Snake:4:  minmay_snake_end_coiled, layout_rooms, serial_shops,
          nicolae_shop_tiny_waterfront,
          nicolae_snake_yet_another_twisty_hallway, uniq_aizul, uniq_vashnia
Orc:1:    layout_caves, nicolae_volcano_entry_vermiform, special_room
          [special_room_orc], uniq_nergalle
Orc:2:    st_orc_mages, layout_caves
Elf:1:    layout_gridlike, serial_shops, nicolae_shop_tiny_waterfront,
          nicolae_shop_hallway_stairs, hangedman_elf_represent,
          serial_sigils_hangedman_snap, nicolae_twisty_statue_hallways
Elf:2:    elven_hall_of_blades_hangedman_original
          [nicolae_vaults_blade_armed_guards], layout_loops_cross,
          gammafunk_ghost_ooze, basic_altar
Elf:3:    elf_hall_gauntlet_narrow, layout_geoelf_castle, serial_shops, shop,
          basic_altar, uniq_roxanne
Vaults:1: nicolae_vaults_tetromino_L_1, nicolae_vaults_little_squares_5,
          nicolae_vaults_two_Ls, nicolae_vaults_shipping_containers_7,
          ontoclasm_vaults_pinch, vaults_mumra_chevron_long,
          nicolae_vaults_tangram_1, nicolae_vaults_triangles,
          nicolae_vaults_tetromino_T_1, hangedman_vaults_restitches,
          layout_vaults_omnicross
Vaults:2: ontoclasm_vaults_bender, minmay_orc_keep,
          nicolae_vaults_offset_grid_hallway_4, v_misc_27,
          nicolae_vaults_little_squares_5, v_misc_12,
          vaults_standard_mumra_lines, nicolae_vaults_tetromino_L_2,
          vaults_mumra_lcd, nicolae_vaults_network_barrier,
          nicolae_vaults_theta, vaults_room_door_ring, nicolae_vaults_diamond_2,
          vaults_room_pool, nicolae_vaults_tetromino_Z_1, layout_vaults_ring,
          uniq_norris
Vaults:3: mu_enter_wizlab_4, grunt_vaults_hallway_short, hangedman_vaults_snaps,
          nicolae_vaults_closet_pinwheel_4, v_rooms_1,
          nicolae_vaults_frosty_reception, nicolae_vaults_ninety_degrees,
          nicolae_vaults_mitosis, minmay_crypt_entry_simple_statues,
          ontoclasm_vaults_fault, nicolae_vaults_ring_of_whatevers,
          nicolae_vaults_apartment_1, layout_vaults_maze_snakey, serial_shops,
          nicolae_shop_back_alley_shop, uniq_zenata
Vaults:4: vaults_room_fours, nicolae_vaults_more_shelving_2,
          nicolae_vaults_house_2, vaults_room_hallway, vaults_dpeg_ring,
          hangedman_vaults_trim, nicolae_vaults_little_guard_posts,
          layout_vaults_omnigrid, serial_shops, nicolae_shop_stone
Vaults:5
Depths:1: layout_forbidden_donut, serial_column_ruins, column_ruins_portal_hut,
          column_ruins_hut_ruined, column_ruins_hut_pillars,
          column_ruins_open_small, column_ruins_corridor_corner,
          column_ruins_columns_straight, column_ruins_corridor_corner,
          column_ruins_columns_dead_end, column_ruins_grid_1,
          grunt_mini_vestibule, chequers_serial_rivers_micro_d, abyss_entry,
          yredelemnul_altar_generic, serial_bayou_shore_b, grunt_megastairs_1
Depths:2: minmay_the_grid_octo_tiled_squarecenter_mashed
          [minmay_the_grid_octo_focus, minmay_the_grid_octo_toaster,
          minmay_the_grid_octo_concentric, minmay_the_grid_octo_clover,
          minmay_the_grid_square_5x5_megaprize_open,
          minmay_the_grid_square_5x5_tri_point,
          minmay_the_grid_square_5x5_longway,
          minmay_the_grid_square_5x5_inner_v,
          minmay_the_grid_square_5x5_shrine2], layout_honeycomb, hell_entry,
          minmay_misc_feat_roman, pan_entry, abyss_entry, serial_shops,
          nicolae_diamond_shop, minmay_shoptagon, serial_bayou_shore_b
Depths:3: tekkud_shrikecote, layout_cave_shapes, enter_ziggurat_c,
          lemuel_tele_altar, abyss_entry_crystal,
          nicolae_hell_entry_big_baal_hell, lightli_minifort, uniq_margery
Depths:4: grunt_zot_entry_funnels, layout_gridlike, rand_demon_pan_entry_9,
          hell_entry, lemuel_old_faithful, minmay_shop_star
Zot:1:    layout_cellular_growth, grunt_megastairs_5
Zot:2:    layout_misc_corridors, st_small_dragon_hoard_2, grunt_megastairs_2,
          uniq_vv, uniq_grunn
Zot:3:    layout_gridlike, regret_index_zotdec_twisting_globes
Zot:4:    layout_gridlike, uniq_parghit
Zot:5:    layout_twisted_circle, lemuel_baited_zot_trap

Skill      XL: |  1  2  3  4  5  6  7  8  9 10 11 12 13 14 15 16 17 18 19 20 21 22 23 24 25 26 27 |
---------------+----------------------------------------------------------------------------------+-----
Spellcasting   | 4 5 6 7 8 10 12 13 14 15 17 18 19 21 22 24 25 | 25.9
Conjurations   | 4 5 6 7 8 10 12 13 14 15 17 18 19 21 22 24 25 | 25.9
Hexes          | 4 5 6 7 8 10 12 13 14 15 17 18 19 21 22 24 25 | 25.9
Summonings     | 4 5 6 7 8 10 12 13 14 15 17 18 19 21 22 24 25 | 25.9
Necromancy     | 4 5 6 7 8 10 12 13 14 15 17 18 19 21 22 24 25 | 25.9
Translocations | 4 5 6 7 8 10 12 13 14 15 17 18 19 21 22 24 25 | 25.9
Fire Magic     | 4 5 6 7 8 10 12 13 14 15 17 18 19 21 22 24 25 | 25.9
Ice Magic      | 4 5 6 7 8 10 12 13 14 15 17 18 19 21 22 24 25 | 25.9
Air Magic      | 4 5 6 7 8 10 12 13 14 15 17 18 19 21 22 24 25 | 25.9
Earth Magic    | 4 5 6 7 8 10 12 13 14 15 17 18 19 21 22 24 25 | 25.9
Alchemy        | 4 5 6 7 8 10 12 13 14 15 17 18 19 21 22 24 25 | 25.9
Fighting       | 8 11 12 14 17 20 22 23 25 26 27 | 27.0
Dodging        | 3 5 10 14 17 | 17.5
Shields        | 5 7 8 |  8.5
Evocations     | 8 |  8.1
Maces & Flails | |  0.1
Stealth        | |  1.5

Action                     |  1- 3 |  4- 6 |  7- 9 | 10-12 | 13-15 | 16-18 | 19-21 | 22-24 | 25-27 || total
---------------------------+-------+-------+-------+-------+-------+-------+-------+-------+-------++-------
  Melee: Whip              |       |       |       |    10 |   207 |   124 |    56 |   107 |     2 ||   506
         Punch             |       |       |       |       |     1 |       |       |       |       ||     1
   Cast: Foxfire           |    81 |    86 |   149 |   248 |   274 |   214 |    76 |    32 |    27 ||  1187
         Scorch            |     7 |     5 |    32 |   131 |   270 |   204 |    68 |    81 |    28 ||   826
         Volatile Blastmot |       |    15 |    41 |     5 |    28 |     5 |       |    28 |       ||   122
         Tukima's Dance    |       |       |    13 |    11 |    25 |   120 |    85 |    59 |    39 ||   352
         Inner Flame       |       |       |     4 |    24 |     6 |     7 |     1 |     7 |     4 ||    53
         Flame Wave        |       |       |     2 |     8 |     9 |       |     1 |     2 |       ||    22
         Fireball          |       |       |       |    30 |    84 |    43 |    19 |    96 |   138 ||   410
         Slow              |       |       |       |     8 |   101 |    95 |       |     1 |       ||   205
         Call Imp          |       |       |       |     2 |    10 |    11 |    26 |    35 |    16 ||   100
         Curse of Agony    |       |       |       |       |    39 |    26 |     7 |    11 |     1 ||    84
         Starburst         |       |       |       |       |    41 |   188 |    76 |    70 |   172 ||   547
         Malign Gateway    |       |       |       |       |       |       |   122 |   111 |   123 ||   356
         Vampiric Draining |       |       |       |       |       |       |     4 |       |       ||     4
         Sculpt Simulacrum |       |       |       |       |       |       |     3 |    19 |    12 ||    34
         Enfeeble          |       |       |       |       |       |       |    53 |   271 |   224 ||   548
         Discord           |       |       |       |       |       |       |       |    34 |    58 ||    92
         Disjunction       |       |       |       |       |       |       |       |       |    39 ||    39
         Shatter           |       |       |       |       |       |       |       |       |     3 ||     3
 Invoke: Curse Item        |       |       |     1 |     5 |     4 |       |     1 |     3 |       ||    14
         Shatter the Chain |       |       |       |       |     1 |     1 |     1 |     2 |       ||     5
  Evoke: Wand              |       |       |       |       |     8 |     6 |       |       |       ||    14
    Use: Scroll            |       |       |       |     6 |     3 |     2 |     1 |     5 |    23 ||    40
         Potion            |       |       |       |       |     5 |     1 |     5 |     4 |    11 ||    26
   Stab: Distracted        |       |       |       |       |     1 |     1 |       |       |       ||     2
         Invisible         |       |       |       |       |       |       |     3 |    17 |       ||    20
         Sleeping          |       |       |       |       |       |       |       |     1 |       ||     1
 Armour: Robe              |    12 |    10 |    18 |    83 |   321 |   252 |   157 |   131 |   125 ||  1109
         Skin              |       |       |     8 |    46 |       |       |       |       |       ||    54
  Dodge: Dodged            |    15 |    12 |    22 |   116 |   384 |   228 |   119 |   115 |    93 ||  1104
  Block: Buckler           |       |       |       |       |   208 |   163 |       |       |       ||   371
         Kite shield       |       |       |       |       |       |    37 |   231 |   271 |   138 ||   677
         Reflection        |       |       |       |       |       |       |       |    20 |    17 ||    37
